 Dungeon Crawl Stone Soup version 0.28-a0-1387-g3a22ab9bdc (webtiles) character file.

Game seed: 9354109422526126450

3848 Gwenloh the Insei (level 10, 0/69 HPs)
             Began as an Octopode Transmuter on Jan 2, 2022.
             Was an Initiate of Sif Muna.
             Slain by a vampire (7 damage)
             ... on level 9 of the Dungeon on Jan 3, 2022.
             The game lasted 00:34:58 (12730 turns).

Gwenloh the Insei (Octopode Transmuter)            Turns: 12730, Time: 00:34:58

Health: 0/69       AC:  1    Str: 11    XL:     10   Next: 18%
Magic:  0/22       EV: 20    Int: 15    God:    Sif Muna [......]
Gold:   681        SH:  0    Dex: 16    Spells: 3/13 levels left

rFire   . . .      SeeInvis .     - Unarmed
rCold   + . .      Faith    .   (no shield)
rNeg    . . .      Spirit   +   (helmet restricted)
rPois   .          Reflect  .   c - amulet of guardian spirit
rElec   .          Harm     .   i - ring of magical power
rCorr   .          Rampage  .   s - ring of protection from cold
Will    .....                   B - +4 ring of evasion
Stlth   ++........              (no ring)
HPRegen 0.21/turn               (no ring)
MPRegen 0.18/turn               (no ring)
                                (no ring)
                                (no ring)

@: no status effects
A: almost no armour, amphibious, 8 rings, camouflage 1, gelatinous body 1,
(nimble swimmer 1), tentacles
a: Renounce Religion


You were on level 9 of the Dungeon.
You worshipped Sif Muna.
Sif Muna was noncommittal.
You visited 2 branches of the dungeon, and saw 10 of its levels.

You collected 681 gold pieces.

Inventory:

Missiles
 e - 74 bolts
 j - 291 stones (quivered)
 l - 90 arrows
 w - 62 poisoned darts
 E - 6 boomerangs
Armour
 h - an orb of guile
Jewellery
 c - an amulet of guardian spirit (around mantle)
 i - a ring of magical power (left tentacle)
 s - a ring of protection from cold (right tentacle)
 B - a +4 ring of evasion (on tentacle)
Wands
 q - a wand of iceblast (19)
 v - a wand of flame (2)
 x - a wand of polymorph (8)
Scrolls
 b - 2 scrolls of teleportation
 g - a scroll of vulnerability
 m - 2 scrolls of amnesia
 o - a scroll of torment
 r - 2 scrolls of enchant weapon
 y - a scroll of brand weapon
 F - a scroll of immolation
Potions
 a - a potion of might {unknown}
 f - a potion of cancellation {unknown}
 k - 2 potions of lignification
 n - 8 potions of curing
 p - 3 potions of flight
 t - a potion of magic {unknown}
 u - a potion of ambrosia {unknown}
 z - a potion of attraction {unknown}
 C - a potion of invisibility {unknown}


   Skills:
 + Level 6.4 Fighting
 + Level 6.6 Dodging
 + Level 7.3 Unarmed Combat
 - Level 2.4 Spellcasting
 + Level 6.6 Transmutations
 + Level 2.4 Ice Magic
 - Level 6.3 Poison Magic


You had 3 spell levels left.
You knew the following spells:

 Your Spells              Type           Power      Damage    Failure   Level
a - Beastly Appendage     Tmut           42%        N/A       1%          1
b - Wereblood             Tmut           21%        N/A       1%          2
c - Spider Form           Tmut/Pois      21%        N/A       4%          3
d - Ice Form              Ice/Tmut       15%        N/A       32%         4

Your spell library contained the following spells:

 Spells                   Type           Power      Damage    Failure   Level
 Passwall                 Tmut/Erth      9%         N/A       9%          2
 Poisonous Vapours        Pois/Air       22%        N/A       9%          2
 Animate Skeleton         Necr           2%         N/A       22%         1
 Apportation              Tloc           2%         N/A       22%         1
 Pain                     Necr           4%         1d4       22%         1
 Sandblast                Erth           2%         2d4       22%         1
 Corpse Rot               Necr/Air       2%         N/A       32%         2
 Call Canine Familiar     Summ           1%         N/A       54%         3
 Portal Projectile        Hex/Tloc       2%         N/A       54%         3
 Stone Arrow              Conj/Erth      2%         3d7       54%         3
 Vampiric Draining        Necr           1%         2d6       54%         3
 Alistair's Intoxication  Tmut/Pois      14%        N/A       38%         5
 Leda's Liquefaction      Hex/Erth       0%         N/A       91%         4


Dungeon Overview and Level Annotations

Branches:
Dungeon (9/15)             Temple (1/1) D:7            Lair (0/6) D:9
    Orc: D:9-12

Altars:
Ashenzari
Cheibriados
Dithmenos
Fedhas
Gozag
Hepliaklqana
Kikubaaqudgha
Makhleb
Nemelex Xobeh
Okawaru
Qazlal
Ru
Sif Muna
Trog
Uskayaw
Vehumet
Wu Jian
Xom
Yredelemnul
Zin
The Shining One

Annotations:
D:8 4 runed translucent doors


Innate Abilities, Weirdness & Mutations

You cannot wear most types of armour.
You are amphibious.
You can wear up to eight rings at the same time.
Your skin changes colour to match your surroundings (Stealth+).
Your rubbery body absorbs attacks. (AC +1, EV +1)
((You are camouflaged when in or above water. (Stealth+)))
You have tentacles for arms and can constrict up to eight enemies at once.


Message History

You bump into the rock wall.
Your transformation is almost over.
The vampire gestures wildly while chanting.
The vampire flickers and vanishes!
Deactivating autopickup; reactivate with Ctrl-A.
You're too confused to move!
Something draws life force from you! Something hits you! Something misses you.
You bump into the rock wall.
Something closely misses you. Something bites you but does no damage.
You miss something. Something hits you. Something bites you!
Something draws strength from your injuries!
You hit something. Something closely misses you.
Something completely misses you.
You bump into the rock wall.
You feel less confused. Something hits you!
* * * LOW HITPOINT WARNING * * *
Something bites you!
* * * LOW HITPOINT WARNING * * *
Something draws strength from your injuries!
You feel much better. Something hits you. Something barely misses you.
Okay, then.
Okay, then.
Aiming: Throw Flame
Press: ? - help, Shift-Dir - straight line The puff of flame hits something but does no damage.
Something misses you. Something closely misses you.
Aiming: Throw Flame
Press: ? - help, Shift-Dir - straight line The puff of flame hits something.
Your transformation has ended.
Something hits you! Something bites you!
* * * LOW HITPOINT WARNING * * *
Something draws strength from your injuries!
Aiming: Throw Flame
Press: ? - help, Shift-Dir - straight line The puff of flame hits something.
Something hits you!
* * * LOW HITPOINT WARNING * * *
Something bites you!
You die...

###### ####
#....# #...
#....######...
####
#....'...##...
.....####
#...)###.##...
(......@###....#
#..#...
(....##{.##....#
##.'... ...
##.##....#
###... .
#..'....# #...
####....# ##'#
##[### #..# #.#
#.## ... #.#
.... #.#


There were no monsters in sight!

Vanquished Creatures
  Grinder (D:3)
  A wyvern (D:9)
  3 yaks
  A steam dragon (D:8)
  2 vampire mosquitoes
  Edmund (D:4)
  2 sky beasts
  An orc warrior (D:6)
  A hornet zombie (D:6)
  3 necrophages
  The ghost of incide the Protected, an amateur GnWn (D:3)
  A centaur (D:6)
  A bullfrog (D:8)
  A gnoll sergeant (D:8)
  A scorpion (D:7)
  A wyvern zombie (D:7)
  A wyvern skeleton (D:6)
  A water moccasin zombie (D:5)
  2 howler monkeys
  3 wights (D:5)
  An electric eel (D:8)
  4 crimson imps (D:4)
  A centaur zombie (D:6)
  A jelly (D:4)
  2 hounds
  2 bullfrog skeletons (D:6)
  4 orc priests
  Terence (D:2)
  2 iguanas
  8 orc wizards
  2 hound zombies (D:5)
  A hound skeleton (D:4)
  12 adders
  14 gnolls
  An ufetubus (D:6)
  2 adder zombies (D:3)
  2 adder skeletons
  6 worms
  4 dart slugs
  33 orcs
  13 ball pythons
  7 endoplasms
  2 giant cockroaches
  24 goblins
  13 hobgoblins
  3 jackals (D:2)
  16 kobolds
  4 quokkas
  8 bats
  6 rats
228 creatures vanquished.

Vanquished Creatures (others)
  A human (D:4)
  2 fungi (D:1)
3 creatures vanquished.

Grand Total: 231 creatures vanquished

Notes
Turn   | Place    | Note
-------+----------+-------------------------------------------
     0 | D:1      | Gwenloh the Octopode Transmuter began the quest for the
                  | Orb.
     0 | D:1      | Reached XP level 1. HP: 13/13 MP: 3/3
   627 | D:1      | Reached XP level 2. HP: 16/18 MP: 3/5
   630 | D:1      | Learned a level 2 spell: Wereblood
  1023 | D:1      | Found a faded altar of an unknown god.
  1202 | D:2      | Reached XP level 3. HP: 18/23 MP: 4/6
  1748 | D:2      | Reached XP level 4. HP: 8/29 MP: 7/7
  2049 | D:2      | Learned a level 3 spell: Spider Form
  2563 | D:2      | Noticed Terence
  2574 | D:2      | Killed Terence
  3088 | D:2      | Reached XP level 5. HP: 32/34 MP: 8/8
  3242 | D:3      | Reached skill level 4 in Unarmed Combat
  3242 | D:3      | Reached skill level 1 in Poison Magic
  3436 | D:3      | Noticed Grinder
  3445 | D:3      | Paralysed by Grinder for 6 turns
  3459 | D:3      | Killed Grinder
  3460 | D:3      | Reached XP level 6. HP: 11/41 MP: 5/9
  3863 | D:3      | Found a runed translucent gate.
  3863 | D:3      | Found a runed translucent gate.
  3863 | D:3      | Found a runed translucent gate.
  3863 | D:3      | Noticed incide's ghost (amateur GnWn)
  3865 | D:3      | Found a basalt altar of Yredelemnul.
  3924 | D:3      | Found a sacrificial altar of Ru.
  4070 | D:3      | Reached XP level 7. HP: 29/46 MP: 10/10
  4310 | D:3      | Found a snail-covered altar of Cheibriados.
  4460 | D:3      | Killed incide's ghost
  4748 | D:4      | Learned a level 4 spell: Ice Form
  4792 | D:4      | Noticed Edmund
  4822 | D:4      | Killed Edmund
  4824 | D:4      | Found a bloodstained altar of Trog.
  5010 | D:4      | Reached skill level 5 in Unarmed Combat
  5340 | D:4      | Found an ancient bone altar of Kikubaaqudgha.
  5667 | D:4      | Found a shimmering altar of Xom.
  5682 | D:4      | Reached XP level 8. HP: 50/53 MP: 11/11
  6634 | D:5      | Entered Level 5 of the Dungeon
  6641 | D:5      | Noticed a yak
  6641 | D:5      | Noticed a yak
  6643 | D:5      | Noticed a yak
  6682 | D:4      | Killed a yak
  7174 | D:5      | Found a hazy altar of Hepliaklqana.
  7187 | D:5      | Reached skill level 5 in Transmutations
  7282 | D:5      | Reached skill level 5 in Dodging
  7298 | D:5      | Reached skill level 5 in Poison Magic
  7537 | D:5      | Killed a yak
  7538 | D:5      | Reached skill level 6 in Unarmed Combat
  7538 | D:5      | Reached XP level 9. HP: 50/60 MP: 12/12
  7632 | D:5      | Reached skill level 5 in Fighting
  8617 | D:6      | Found a broken altar of Ashenzari.
  8617 | D:6      | Found a burning altar of Makhleb.
  9497 | D:7      | Found a staircase to the Ecumenical Temple.
  9515 | Temple   | Entered the Ecumenical Temple
  9639 | Temple   | Became a worshipper of Sif Muna the Loreminder
  9669 | D:7      | Noticed a troll
 10139 | D:7      | Reached skill level 1 in Ice Magic
 10812 | D:8      | Reached skill level 7 in Unarmed Combat
 10899 | D:8      | Found a huge runed translucent gate.
 10899 | D:8      | Noticed a polar bear
 10900 | D:8      | Noticed a polar bear
 10901 | D:8      | Found a huge runed translucent gate.
 10901 | D:8      | Found a huge runed translucent gate.
 10901 | D:8      | Found a huge runed translucent gate.
 10901 | D:8      | Noticed a polar bear
 10902 | D:8      | Noticed a polar bear
 10930 | D:8      | Found a hide-covered altar of Uskayaw.
 11026 | D:8      | Reached XP level 10. HP: 41/68 MP: 12/13
 11376 | D:8      | Found a radiant altar of Vehumet.
 12338 | D:9      | Found a staircase to the Lair.
 12359 | D:9      | Found a stormy altar of Qazlal.
 12730 | D:9      | Slain by a vampire

Illustrated notes

Levels and vault maps discovered:
D:1:      dpeg_arrival_stone_temple_mockup, layout_loops_ring,
          dreamdust_ecumenical_altar_grove
D:2:      minmay_chambers_of_twos, layout_loops_ring, uniq_terence
D:3:      layout_rooms, nicolae_ru_great_annihilating_truth,
          nicolae_yredelemnul_ghost_church, kennysheep_slug_shrine,
          minmay_fractal_squares_diagonal_5, uniq_grinder
D:4:      corexii_shantytown, layout_basic, tgw_kikubaaqudgha, led_xom_imps,
          trog_three_pillars_becter, st_stairs_7, nicolae_wormholes, uniq_edmund
D:5:      layout_gridville, mainiacjoe_overflow_alcove_2
D:6:      layout_loops_corners, gammafunk_temple_overflow_statue
D:7:      layout_rooms, minmay_temple_entry_antechambers, abandoned_shop
D:8:      lemuel_bear_cage, layout_gridville,
          nicolae_uskayaw_murder_on_the_dancefloor,
          lemuel_coloured_pillars_altar, minmay_crystal_water
D:9:      layout_roguey, nicolae_overflow_crystal_walls, lair_entry_dummy
Temple:   dpeg_three_leaves_temple

Skill      XL: |  1  2  3  4  5  6  7  8  9 10 |
---------------+-------------------------------+-----
Fighting       | 2 3 4 6 |  6.4
Unarmed Combat | 4 5 6 7 |  7.3
Poison Magic   | 2 3 5 6 |  6.3
Dodging        | 3 4 5 6 |  6.6
Transmutations | 3 4 5 6 |  6.6
Ice Magic      | 1 2 |  2.4
Spellcasting   | |  2.4

Action                   |  1- 3 |  4- 6 |  7- 9 | 10-12 || total
-------------------------+-------+-------+-------+-------++-------
Melee: Unarmed           |    73 |   133 |   406 |    52 ||   664
       Constrict         |    14 |    39 |    75 |     4 ||   132
       Kick              |    13 |    36 |    96 |     9 ||   154
       Tentacles         |    10 |    28 |    59 |     3 ||   100
       Punch             |       |     2 |    13 |       ||    15
Throw: Stone             |    37 |    54 |    13 |       ||   104
       Dart              |       |       |    16 |     1 ||    17
       Javelin           |       |       |       |     3 ||     3
 Cast: Beastly Appendage |    19 |    31 |    64 |     3 ||   117
       Wereblood         |     2 |     5 |    17 |     3 ||    27
       Spider Form       |       |       |     9 |     5 ||    14
       Ice Form          |       |       |     1 |       ||     1
Evoke: Wand              |       |       |       |     3 ||     3
  Use: Scroll            |       |       |    11 |     3 ||    14
       Potion            |       |       |       |     2 ||     2
 Stab: Sleeping          |       |       |     5 |       ||     5
Armor: Skin              |     2 |     8 |     7 |     4 ||    21
Dodge: Dodged            |    43 |    86 |   235 |    76 ||   440

Table legend: (Time is in decaauts)
 A = Elapsed time spent in this place.
 B = Non-inter-level travel time spent in this place.
 C = Inter-level travel time spent in this place.
 D = Time resting spent in this place.
 E = Time spent auto-exploring this place.
 F = Levels seen in this place.
 G = Mean time per level.
                   A        B        C        D        E       F      G
               +--------+--------+--------+--------+--------+-----+--------+
         Total |  12679 |  12327 |    352 |   1262 |   8761 |  10 | 1267.9 |
       Dungeon |  12543 |  12199 |    344 |   1254 |   8675 |   9 | 1393.7 |
        Temple |    136 |    128 |      8 |      8 |     86 |   1 |  136.0 |
               +--------+--------+--------+--------+--------+-----+--------+

Top non-repeatable levels by time:
     D:2: 2058 daAuts
     D:4: 1984 daAuts
     D:3: 1702 daAuts
     D:8: 1641 daAuts
     D:6: 1558 daAuts
     D:1: 1124 daAuts
     D:5: 1045 daAuts
     D:7: 968 daAuts
     D:9: 460 daAuts
  Temple: 136 daAuts
